 Dungeon Crawl Stone Soup version 0.31.0-7-gf635a9b802 (webtiles) character file.

Game seed: 13018590605791750765

87 ProzacElf the Chopper (level 4, -3/36 HPs)
             Began as a Demonspawn Monk on Jan 23, 2024.
             Was a Believer of Makhleb.
             Slain by Crazy Yiuf
             ... wielding a +4 quarterstaff of chaos
              (14 damage)
             ... on level 3 of the Dungeon.
             The game lasted 00:03:11 (1987 turns).

ProzacElf the Chopper (Demonspawn Monk)             Turns: 1987, Time: 00:03:12

Health: -3/36      AC:  7    Str: 20    XL:     4   Next: 28%
Magic:  0/4        EV: 11    Int: 10    God:    Makhleb [**....]
Gold:   98         SH:  0    Dex: 15    Spells: 3/3 levels left

rFire   . . .        a - +0 hand axe
rCold   . . .        d - orb {light}
rNeg    . . .        s - +0 scale mail
rPois   .            (no helmet)
rElec   .            (no cloak)
rCorr   .            (no gloves)
SInv    .            (no boots)
Will    .....        (no amulet) Stlth
                     t - +6 ring of strength
HPRegen 0.26/turn    (no ring)
MPRegen 0.09/turn

%: no passive effects
@: lethally poisoned (-3 -> -8), glowing, invisible (but backlit and visible)
A: rugged brown scales 1, demonic magic 1
a: Renounce Religion, Minor Destruction


You were on level 3 of the Dungeon.
You worshipped Makhleb.
Makhleb was pleased with you.
You visited 1 branch of the dungeon, and saw 3 of its levels.

You collected 98 gold pieces.

Inventory:

Hand Weapons
 a - a +0 hand axe (weapon)
 o - a +0 scimitar
Missiles
 h - 3 poisoned darts (quivered)
Armour
 b - a +0 robe
 d - an orb of light (worn)
 p - a +0 leather armour
 r - an orb of guile
 s - a +0 scale mail (worn)
Jewellery
 t - a +6 ring of strength (left hand)
Scrolls
 e - 2 scrolls of teleportation {unknown}
 f - a scroll of summoning {unknown}
 g - 4 scrolls of identify {unknown}
 j - a scroll of enchant weapon {unknown}
 k - a scroll of vulnerability {unknown}
 l - 2 scrolls of noise {unknown}
 m - a scroll of blinking {unknown}
 q - a scroll of fog {unknown}
Potions
 c - a potion of ambrosia {!e}
 n - a potion of berserk rage {unknown}


   Skills:
 - Level 3.0 Fighting
 + Level 3.8 Axes
 - Level 3.7 Dodging
 + Level 0.3 Invocations


You had 3 spell levels left.
You didn't know any spells.
Your spell library contained the following spells:

 Spells                   Type           Power      Damage    Failure   Level
 Freeze                   Ice            0%         1d3       75%         1
 Shock                    Conj/Air       0%         1d3       75%         1
 Ensorcelled Hibernation  Hex/Ice        0%         N/A       86%         2
 Jinxbite                 Hex            0%         N/A       86%         2
 Frozen Ramparts          Ice            0%         1d1       98%         3
 Hailstorm                Conj/Ice       0%         3d5       98%         3
 Passwall                 Erth           0%         N/A       98%         3
 Swiftness                Air            0%         N/A       98%         3
 Airstrike                Air            0%         2d(0-16)  100%        4
 Yara's Violent Unravell  Hex/Alch       0%         3d3       100%        5
 Enfeeble                 Hex            0%         N/A       100%        7


Dungeon Overview and Level Annotations

Branches:
Dungeon (3/15)

Altars:
Makhleb

Shops:
D:1 [

Annotations:
D:3 Crazy Yiuf


Innate Abilities, Weirdness & Mutations

You are partially covered in rugged brown scales. (AC +1, +3% HP)
Spells you cast may paralyse adjacent enemies.


Message History

Ye hit tha goblin.
Ye kill tha goblin!
Makhleb accepts yer kill.
Health restored: 36 Nay target in view!
Nay target in view!
Nay target in view!
Nay target in view!
Nay target in view!
Nay target in view!
Nay target in view!
Nay target in view!
Ye see 'ere a jackal corpse.
Thin's tha be 'ere: a +0 dagger; a goblin corpse
Found a run'd translucent door.
Okay, than.
Ye op'n tha door.
Crazy Yiuf grits, "Iron!"
Ye hit Crazy Yiuf.
Crazy Yiuf be moderately wounded.
Crazy Yiuf hits ye wit' a +4 quarterstaff o' chaos!
Ye feel yer power leakin' away.
Ye take 11 damage, an' haf 25/36 hp.
MASSIVE DAMAGE!!
Ye now haf 0/4 mp.
Aimin': Minor Destruction (21% risk o' failure)
Press: ? - help, Shift-Dir - straight line, f - Crazy Yiuf
Aim: Crazy Yiuf, wieldin' a +4 quarterstaff o' chaos an' wearin' a +0 cloak (moderately wounded, haloed) Crazy Yiuf resists wit' some effort.
Crazy Yiuf barely misses ye.
Aimin': Minor Destruction (21% risk o' failure)
Press: ? - help, Shift-Dir - straight line, f/p - Crazy Yiuf
Aim: Crazy Yiuf, wieldin' a +4 quarterstaff o' chaos an' wearin' a +0 cloak (moderately wounded, haloed) Ye fail ta use yer ability.
Crazy Yiuf hits ye wit' a +4 quarterstaff o' chaos!
Ye be poison'd.
Ye take 12 damage, an' haf 13/36 hp.
MASSIVE DAMAGE!!
It was a potion o' invisibility.
Ye become transparent, but tha glow from yer halo prevents ye from becomin' completely invisible.
Ye feel sick.
Crazy Yiuf hits ye wit' a +4 quarterstaff o' chaos!
Ye die...

## ##. #.. ###..
###.... ♣♣♣♣♣##
#...... ###
♣♣♣.♣...###.#....
#...#♣..♣......#.###..
#...g@♣♣♣♣.......# #.†
#)..#♣♣ ♣♣..#.#.####)
### ♣♣###...##..
#........ ##...###.
##.## #. #.# ## #.#
#.#


You could see Crazy Yiuf.

Vanquished Creatures
  3 adders (D:2)
  3 dart slugs
  5 bats
  6 endoplasms
  A giant cockroach (D:2)
  7 hobgoblins
  5 jackals
  3 quokkas
  3 ball pythons
  2 frilled lizards (D:2)
  6 goblins
  A kobold (D:2)
  6 rats (D:2)
51 creatures vanquished.

Notes
Turn   | Place    | Note
-------+----------+-------------------------------------------
     0 | D:1      | ProzacElf the Demonspawn Monk began the quest for the Orb.
     0 | D:1      | Reached XP level 1. HP: 18/18 MP: 1/1
   134 | D:1      | You fall into a shaft and drop 1 floor!
   216 | D:2      | Gained mutation: Spells you cast may paralyse adjacent
                  | enemies. [demonic ancestry]
   216 | D:2      | Reached XP level 2. HP: 12/24 MP: 2/2
   376 | D:2      | Gained mutation: You are partially covered in rugged brown
                  | scales. (AC +1, +3% HP) [demonic ancestry]
   376 | D:2      | Reached XP level 3. HP: 14/29 MP: 3/3
   738 | D:1      | Noticed an animated plate armour
   739 | D:1      | Found Jeukoak's Armour Shoppe.
   742 | D:1      | Noticed an animated pearl dragon scales
  1398 | D:2      | Reached XP level 4. HP: 34/36 MP: 4/4
  1801 | D:2      | Found a faded altar of an unknown god.
  1805 | D:2      | Prayed at the altar of an unknown god.
  1805 | D:2      | Became a worshipper of Makhleb the Destroyer
  1805 | D:2      | Reached * piety under Makhleb
  1805 | D:2      | Reached ** piety under Makhleb
  1979 | D:3      | Found a runed translucent door.
  1980 | D:3      | Noticed Crazy Yiuf
  1987 | D:3      | Slain by Crazy Yiuf

Illustrated notes

Levels and vault maps discovered:
D:1:      lightli_arrival_quake, layout_basic, serial_shops,
          nicolae_shop_mannequins
D:2:      minmay_razor_zed, layout_loops_ring,
          shapermc_ecumenical_altar_acropolis, serial_park_tiny_pond,
          nicolae_elevator_lobby_plus
D:3:      layout_loops_ring, uniq_crazy_yiuf_cottage

Skill      XL: |  1 |
---------------+----+-----
Axes           | 3 |  3.8
Dodging        | 3 |  3.7
Fighting       | |  3.0
Invocations    | |  0.3

Action                     |  1- 3 |  4- 6 || total
---------------------------+-------+-------++-------
  Melee: Hand axe          |    92 |    24 ||   116
 Invoke: Minor Destruction |       |     1 ||     1
    Use: Potion            |       |     1 ||     1
 Armour: Robe              |    42 |       ||    42
         Scale mail        |       |    12 ||    12
         Leather armour    |       |     6 ||     6
  Dodge: Dodged            |    57 |    15 ||    72

Action                     |  1- 3 |  4- 6 || total
---------------------------+-------+-------++-------
  Melee: Hand axe          |    92 |    24 ||   116
 Invoke: Minor Destruction |       |     1 ||     1
    Use: Potion            |       |     1 ||     1
 Armour: Robe              |    42 |       ||    42
         Scale mail        |       |    12 ||    12
         Leather armour    |       |     6 ||     6
  Dodge: Dodged            |    57 |    15 ||    72

Levels and vault maps discovered:
D:1:      lightli_arrival_quake, layout_basic, serial_shops,
          nicolae_shop_mannequins
D:2:      minmay_razor_zed, layout_loops_ring,
          shapermc_ecumenical_altar_acropolis, serial_park_tiny_pond,
          nicolae_elevator_lobby_plus
D:3:      layout_loops_ring, uniq_crazy_yiuf_cottage
